Description

teste build

Replay - fernandin

Build Order

Get SALT Encoding   

  12  0:01  Probe  
  13  0:13  Probe  
  14  0:21  Pylon  
  14  0:25  Probe  
  15  0:29  Assimilator  
  15  0:39  Probe  
  16  0:47  Gateway  
  16  0:51  Probe  
  17  1:03  Probe x5  
  19  1:19  Unknown  
  14  1:45  Pylon  
  15  1:57  Assimilator  
  17  2:16  Gateway  
  17  2:19  Assimilator  
  21  3:07  Cybernetics Core  
  22  3:23  Nexus  
  22  4:00  Stargate  
  22  5:05  Unknown  
  14  5:30  Pylon  
  15  5:44  Assimilator  
  16  5:50  Assimilator  
  17  6:09  Unknown  
  14  6:33  Pylon  
  15  6:44  Assimilator  
  16  7:07  Unknown  
  14  7:31  Pylon  
  15  7:40  Assimilator  
  16  7:57  Gateway  
  16  8:02  Assimilator  
  18  8:45  Cybernetics Core  
  19  9:04  Nexus  
  21  9:28  Unknown  
Spawning Tool Build Advisor. Get it on Overwolf

Go to:

Details

  • Created by: fernandao17
  • Published on: Nov 26, 2022
  • Modified on: Nov 26, 2022
  • Patch: 4.11.0
  • Difficulty: Hard
Show
View Real Time Build Order
Export as new Build Order

Comments (0)

There are no comments. Be the first!

Create an account to comment!